cohdb
Replays
Latest Replays
All Replays
Popular Replays
Top Player Replays
Match Explorer
How It Works
Community
CoH3 Stats
Reddit
Sign in to upload your games and track your stats! →
Sign in with Steam
Match 32211169
Unlisted
Match 32211169
Overview
Messages
Build Orders
End
Panzergrenadier Squad
Panzergrenadier Squad
250 Light Carrier
Construct Light Support Kompanie
Combat Half-tracks
Fire Support Elements
Selects Armored Support Battlegroup
Flakvierling Half-track
Vehicle Survival Package
Assault Mechanized Group
Selects Veteran Gunners
Pak 38 Anti-tank Gun Team
Construct Panzerarmee Kommand
Selects Flammpanzer III Medium Tank
MG34 Team
Flammpanzer III Medium Tank
Assault Mechanized Group
Selects Salvage Kits
Panzer III L Medium Tank
Panzer III L Medium Tank
Rapid Advance
Selects Panzer Storm
Panzer Storm
Panzer III L Medium Tank
Selects Stuka Dive Bomb
Panzer Storm
Panzer III L Medium Tank
Selects Battlefield Salvage
Panzer III L Medium Tank
Panzer III L Medium Tank
hooveric
카츄사
PubStormer
St. Jordi Corporation
Nester
Safety First
0
0
Comments
sign in to comment!
No comments posted yet!